Map: Thunderbird LE

Players

starkiller

  • Race: Zerg Zerg
  • League: Grandmaster
  • Spawn Location: 5:00

Armani - Winner!

  • Race: Zerg Zerg
  • Spawn Location: 11:00

VOD

Have the link to the VOD?

Description

ASUS ROG TIME vs Serral

Time

  • Played on: July 25, 2019, 1:09 p.m.
  • Length: 12:26
Show
View Real Time Build Order
Export as new Build Order

starkiller Zerg 

Build Orders: 1 Base Baneling Bust, Pool First, Zergling Baneling 

Get SALT Encoding   

  12  0:02  Drone  
  13  0:08  Drone  
  14  0:16  Drone, Extractor  
  14  0:31  Spawning Pool  
  13  0:37  Drone  
  13  0:42  Drone, Extractor  
  15  0:50  Overlord  
  15  1:18  Baneling Nest  
  15  1:19  Zergling x6  
  17  1:30  Zergling x2  
  18  1:33  Queen  
  20  1:41  Zergling x2  
  21  1:52  Zergling x2  
  22  2:10  Spine Crawler  
  22  2:11  Spine Crawler  
  22  2:14  Zergling x4  
  22  2:17  Baneling  
  22  2:18  Baneling  
  20  2:45  Spine Crawler, Zergling x6  
  22  2:57  Baneling  
  22  2:58  Baneling x2  
  22  3:06  Overlord  
  19  3:30  Drone x5  
  22  3:49  Hatchery  
  22  3:55  Metabolic Boost  
  21  3:59  Baneling x2  
  21  4:05  Baneling  
  21  4:06  Drone  
  22  4:13  Drone x2  
  24  4:19  Drone x2  
  26  4:25  Drone  
  26  4:26  Zergling x2  
  27  4:41  Zergling x4  
  27  4:44  Baneling x2  
  27  4:48  Zergling x2  
  23  5:13  Zergling x2  
  23  5:14  Zergling x2, Queen  
  24  5:20  Zergling x2  
  27  5:21  Baneling  
  27  5:24  Queen  
  27  5:26  Zergling x4  
  25  5:55  Zergling x6  
  25  5:56  Zergling x2  
  25  5:57  Zergling x4  
  29  6:07  Drone x2  
  31  6:17  Baneling x3  
  31  6:25  Zergling x4  
  28  6:30  Zergling x4  
  25  6:55  Drone  
  25  6:56  Zergling x6, Drone  
  25  6:57  Drone  
  25  6:58  Drone x2  
  33  7:02  Drone  
  34  7:09  Drone  
  35  7:21  Hatchery  
  34  7:24  Queen  
  34  7:28  Overlord  
  35  7:35  Drone x2  
  35  7:36  Overlord  
  36  7:39  Overlord  
  36  7:43  Overlord  
  36  7:50  Drone  
  36  7:51  Drone x3  
  40  7:54  Drone  
  40  7:55  Queen  
  40  7:58  Drone  
  44  7:59  Drone  
  44  8:01  Drone  
  44  8:03  Drone  
  47  8:07  Drone  
  47  8:11  Queen  
  50  8:13  Drone  
  50  8:15  Drone  
  50  8:17  Drone  
  53  8:29  Drone  
  53  8:30  Drone x2  
  53  8:33  Queen x2  
  59  8:41  Drone x3  
  61  8:42  Drone  
  61  8:47  Drone x2, Queen  
  66  8:48  Drone  
  66  8:52  Zergling x4  
  66  8:54  Zergling x2  
  67  9:00  Zergling x2  
  60  9:03  Zergling x4  
  62  9:14  Zergling x10  
  59  9:17  Drone x2  
  59  9:23  Spore Crawler  
  59  9:24  Spore Crawler  
  55  9:40  Spore Crawler  
  55  9:44  Drone x4  
  60  9:46  Spore Crawler, Drone x2  
  60  9:47  Spine Crawler  
  60  9:48  Lair  
  60  9:49  Drone  
  59  9:54  Drone x2  
  59  9:55  Spore Crawler  
  59  9:59  Overlord  
  60  10:03  Overlord  
  60  10:09  Extractor  
  60  10:10  Overlord  
  59  10:20  Roach Warren  
  58  10:22  Evolution Chamber  
  58  10:28  Drone x9  
  66  10:30  Drone  
  66  10:34  Queen  
  66  10:35  Drone  
  70  10:37  Overlord  
  70  10:50  Evolution Chamber  
  67  10:59  Drone x7  
  67  11:00  Spore Crawler, Extractor x2  
  67  11:02  Hydralisk Den  
  62  11:13  Spore Crawler  
  62  11:15  Drone x7  
  62  11:18  Drone x2  
  67  11:32  Hydralisk x3  
  66  11:36  Drone  
  73  11:43  Spawning Pool  
  73  11:45  Infestation Pit  
  71  11:47  Drone  
  66  11:58  Hydralisk x2  
  70  12:04  Overlord  
Show
View Real Time Build Order
Export as new Build Order

Armani Zerg - Winner!

Build Orders: Hatch First 

Get SALT Encoding   

  12  0:00  Drone  
  13  0:12  Overlord  
  13  0:17  Drone  
  14  0:31  Drone x2  
  16  0:49  Hatchery  
  15  0:53  Drone  
  16  0:57  Drone  
  16  0:59  Drone  
  18  1:13  Extractor  
  18  1:14  Spawning Pool  
  18  1:17  Drone  
  17  1:20  Drone  
  18  1:30  Drone  
  19  1:39  Drone  
  20  2:01  Spine Crawler  
  20  2:02  Zergling x6  
  20  2:03  Spine Crawler, Queen  
  23  2:11  Zergling x2  
  26  2:18  Zergling x2  
  26  2:22  Zergling x2  
  28  2:23  Overlord  
  28  2:37  Spine Crawler  
  27  2:43  Zergling x6  
  27  2:46  Queen  
  27  2:53  Spine Crawler  
  27  2:55  Zergling x2  
  27  3:04  Baneling Nest  
  26  3:17  Zergling x6  
  29  3:27  Metabolic Boost  
  27  3:34  Overlord  
  26  3:41  Drone  
  27  3:54  Zergling x2  
  28  4:00  Baneling  
  28  4:01  Zergling x2  
  29  4:03  Zergling x6  
  29  4:07  Baneling  
  32  4:16  Baneling  
  32  4:24  Overlord  
  32  4:27  Drone  
  33  4:37  Baneling  
  30  4:41  Zergling x2  
  30  4:42  Zergling x4  
  30  4:53  Zergling x2  
  29  5:04  Drone  
  29  5:06  Drone  
  31  5:07  Drone  
  31  5:11  Drone  
  31  5:17  Drone  
  31  5:20  Baneling  
  31  5:21  Baneling x2, Hatchery  
  30  5:28  Zergling x6  
  33  5:31  Zergling x2  
  31  5:51  Zergling x4  
  32  5:57  Zergling x2  
  32  5:58  Zergling x4  
  32  6:03  Baneling x4  
  35  6:09  Evolution Chamber  
  35  6:10  Zergling x2  
  35  6:16  Drone  
  37  6:25  Drone  
  36  6:26  Drone  
  36  6:28  Drone  
  35  6:32  Drone  
  35  6:38  Zergling x4  
  36  6:44  Drone  
  36  6:49  Drone  
  36  6:54  Lair  
  36  6:56  Extractor  
  36  6:57  Baneling  
  36  6:58  Drone x2  
  36  6:59  Baneling  
  36  7:00  Drone  
  38  7:03  Drone  
  38  7:05  Drone  
  38  7:06  Drone  
  39  7:12  Drone x2  
  39  7:13  Drone  
  42  7:16  Baneling x2  
  42  7:18  Drone  
  42  7:22  Extractor  
  42  7:23  Extractor  
  42  7:24  Drone  
  42  7:33  Drone  
  42  7:34  Drone  
  42  7:35  Drone x3  
  47  7:40  Drone  
  47  7:41  Drone x2, Evolution Chamber  
  47  7:42  Roach Warren  
  48  7:46  Drone  
  48  7:48  Overlord  
  49  7:55  Spire  
  49  7:56  Drone x2  
  50  8:01  Zergling x4  
  52  8:10  Hatchery  
  52  8:11  Zergling x4  
  52  8:12  Zergling x2  
  55  8:15  Zergling x4  
  55  8:17  Overseer  
  57  8:25  Zergling x6  
  60  8:27  Overlord  
  60  8:33  Overlord  
  60  8:37  Overlord  
  60  8:48  Zergling x4  
  60  8:49  Zergling x12  
  67  8:56  Baneling x3  
  63  9:07  Mutalisk  
  63  9:08  Mutalisk x4  
  67  9:18  Mutalisk  
  67  9:19  Mutalisk x2  
  71  9:25  Queen  
  71  9:35  Mutalisk x2  
  71  9:38  Zergling x6  
  71  9:41  Drone  
  74  9:47  Roach Warren  
  74  9:51  Zerg Missile Weapons Level 1  
  73  9:54  Overseer  
  73  9:58  Baneling x5  
  73  9:59  Drone x2  
  75  10:06  Overlord x2  
  75  10:11  Overlord  
  76  10:14  Drone x3  
  76  10:21  Drone  
  79  10:27  Glial Reconstitution  
  79  10:31  Roach x4  
  79  10:32  Roach  
  89  10:38  Roach x3  
  95  10:45  Roach  
  95  10:46  Roach x3  
  100  11:15  Roach x3  
  100  11:16  Overlord x3  
  100  11:18  Overlord x2  
  106  11:21  Overlord  
  106  11:29  Overlord  
  106  11:35  Roach  
  106  11:36  Roach x11  
  106  11:38  Ravager x4  
  134  11:41  Overlord  
  134  11:54  Roach x6  
  138  11:59  Roach x3  
Tags
 
Add a new tag
Caveats
  • Supply blocks, unpowered buildings, or Contaminate may cause inaccurate times.
  • Supply counts are checked every 10 seconds.